 Dungeon Crawl Stone Soup version 0.32-a0-571-gec57dfcd37 (webtiles) character file.

Game seed: 2022890804941629587

6621 yogurtking the Arsonist (level 10, 0/81 HPs)
             Began as a Mountain Dwarf Fire Elementalist on Feb 26, 2024.
             Was an Initiate of Gozag.
             Slain by a two-headed ogre
             ... wielding a +0 giant spiked club
              (10 damage)
             ... on level 9 of the Dungeon on Mar 1, 2024.
             The game lasted 00:40:20 (11861 turns).

yogurtking the Arsonist (MDFE)                     Turns: 11861, Time: 00:40:22

Health: 0/81       AC: 14    Str: 12    XL:     10   Next: 72%
Magic:  0/14       EV:  6    Int: 19    God:    Gozag
Gold:   1465       SH:  5    Dex: 10    Spells: 9/15 levels left

rFire   + . .        y - +1 hand axe (elec)
rCold   . . .        f - +0 buckler
rNeg    . . .        k - +0 chain mail {rF+}
rPois   .            E - +1 hat
rElec   .            (no cloak)
rCorr   +            u - +2 pair of gloves {infuse}
SInv    .            (no boots)
Will    +....        (no amulet) Stlth
                     i - ring of resist corrosion
HPRegen 0.33/turn    (no ring)
MPRegen 0.14/turn

%: no passive effects
@: gold aura
A: runic magic, artefact enchanting
a: Renounce Religion, Potion Petition, Call Merchant, Bribe Branch


You were on level 9 of the Dungeon.
You worshipped Gozag.
Gozag was most pleased with you.
You visited 2 branches of the dungeon, and saw 10 of its levels.

You collected 1596 gold pieces.
You spent 99 gold pieces at shops.
You paid 32 gold pieces to Gozag.

Inventory:

Hand Weapons
 g - a +3 spear of venom
 y - a +1 hand axe of electrocution (weapon)
 F - the +9 lajatang of Conversion {drain, ^Drain Str+2 Int+6 Dex+2}
   (You found it on level 8 of the Dungeon)

   Str+2:     It affects your strength (+2).
   Int+6:     It affects your intelligence (+6).
   Dex+2:     It affects your dexterity (+2).
   ^Drain:    It drains your maximum health when unequipped.
Armour
 f - a +0 buckler (worn)
 k - a +0 chain mail of fire resistance (worn)
 u - a +2 pair of gloves of infusion (worn)
 E - a +1 hat (worn)
 H - a +1 scale mail of poison resistance
Jewellery
 i - a ring of resist corrosion (left hand)
 v - a ring of poison resistance
 B - a +4 ring of protection
Wands
 G - a wand of mindburst (19)
Scrolls
 b - a scroll of butterflies
 d - a scroll of amnesia
 m - 3 scrolls of blinking
 o - 2 scrolls of enchant armour {unknown}
 p - 2 scrolls of fog {unknown}
 q - 2 scrolls of immolation {unknown}
 r - a scroll of noise {unknown}
 s - 2 scrolls of fear {unknown}
 t - 2 scrolls of teleportation
 w - a scroll of enchant weapon {unknown}
 z - a scroll of revelation {unknown}
 C - a scroll of vulnerability {unknown}
Potions
 a - a potion of lignification {unknown}
 c - 2 potions of brilliance {unknown}
 e - a potion of mutation {unknown}
 h - 2 potions of invisibility {unknown}
 j - a potion of haste {unknown}
 l - 2 potions of heal wounds
 n - 5 potions of might {unknown}
 x - 3 potions of curing
 A - 2 potions of attraction {unknown}
 D - a potion of enlightenment {unknown}


   Skills:
 - Level 5.0 Fighting
 - Level 10.0(10.4) Axes
 - Level 3.3(6.3) Polearms
 - Level 5.0 Armour
 - Level 1.4 Dodging
 - Level 1.4 Stealth
 - Level 5.0 Shields
 + Level 3.0 Spellcasting
 - Level 3.4 Conjurations
 - Level 4.0 Translocations
 - Level 10.0 Fire Magic
 + Level 2.9 Evocations


You had 9 spell levels left.
You knew the following spells:

 Your Spells              Type           Power      Damage    Failure   Level
a - Foxfire               Conj/Fire      100%       2x1d9     2%          1
b - Scorch                Fire           80%        2d8       1%          2
c - Volatile Blastmotes   Fire/Tloc      58%        2d14      7%          3

Your spell library contained the following spells:

 Spells                   Type           Power      Damage    Failure   Level
 Inner Flame              Hex/Fire       21%        N/A       16%         3
 Flame Wave               Conj/Fire      28%        2d9       26%         4
 Freeze                   Ice            8%         1d3       38%         1
 Hailstorm                Conj/Ice       9%         3d6       52%         3
 Frozen Ramparts          Ice            4%         1d1       77%         3


Dungeon Overview and Level Annotations

Branches:
Dungeon (9/15)             Temple (1/1) D:4            Lair (0/5) D:8
    Orc: D:9-12

Altars:
Ashenzari
Dithmenos
Elyvilon
Fedhas
Gozag
Hepliaklqana
Kikubaaqudgha
Makhleb
Nemelex Xobeh
Okawaru
Qazlal
Ru
Trog
Uskayaw
Vehumet
Wu Jian
Yredelemnul
Zin
The Shining One

Shops:
D:6 !   D:8 (


Innate Abilities, Weirdness & Mutations

Your spellcasting is much less encumbered by armour.
You can use scrolls of enchantment on lesser artefacts.


Message History

You hit something. Lightning courses through something!
Reactivating autopickup.
You feel a bit more experienced.
You hit the two-headed ogre.
The two-headed ogre is moderately wounded.
The two-headed ogre hits you with a +0 giant spiked club.
You block the two-headed ogre's attack.
You hit the two-headed ogre.
The two-headed ogre is heavily wounded.
You hit the two-headed ogre.
The two-headed ogre is heavily wounded.
The two-headed ogre hits you with a +0 giant spiked club.
The two-headed ogre hits you but does no damage.
You hit the two-headed ogre.
The two-headed ogre is heavily wounded.
You barely miss the two-headed ogre.
The two-headed ogre is heavily wounded.
The two-headed ogre hits you with a +0 giant spiked club!
The two-headed ogre hits you with a +0 giant club!
You hit the two-headed ogre.
The two-headed ogre is heavily wounded.
The two-headed ogre is no longer more vulnerable to fire.
You hit the two-headed ogre.
The two-headed ogre is severely wounded.
The two-headed ogre hits you with a +0 giant spiked club!!
You block the two-headed ogre's attack.
You hit the two-headed ogre.
Lightning courses through the two-headed ogre!
The two-headed ogre is almost dead.
You hit the two-headed ogre.
The two-headed ogre is almost dead.
The two-headed ogre hits you but does no damage.
The two-headed ogre barely misses you.
You hit the two-headed ogre but do no damage.
The two-headed ogre is almost dead.
The two-headed ogre hits you with a +0 giant spiked club!
* * * LOW HITPOINT WARNING * * *
The two-headed ogre hits you with a +0 giant club!
You die...
Your body crumbles into a pile of gold.

#...###### #........#
##.......# #.......# #.......#
########....# #......##...# #..
........#...##############.....
...♣....#.......@O.$.$$...#
.....♣..'........$.#####..#
..♣.....######+###.# ..#
....♣...##.......#.# o.#
........##.......'.# ...
#......###.......#.# o...
########.#########.# ....o
...................# ......
###########........#


You could see a two-headed ogre.

Vanquished Creatures
  A two-headed ogre (D:8)
  A manticore (D:8)
  A polar bear (D:8)
  2 dream sheep (D:8)
  3 yaks (D:8)
  Sigmund (D:6)
  4 wyverns
  2 steam dragons
  Edmund (D:6)
  2 water moccasins (D:8)
  An orc warrior (D:8)
  An ice beast (D:6)
  8 black bears (D:8)
  2 sky beasts
  An ogre (D:6)
  3 centaurs
  2 gnoll sergeants
  6 bullfrogs
  5 scorpions
  4 wights (D:7)
  3 howler monkeys (D:8)
  A hound (D:5)
  A jelly (D:5)
  2 orc priests (D:7)
  3 iguanas
  2 sleepcaps
  13 orc wizards
  4 gnolls (D:6)
  6 adders
  A shadow imp (D:7)
  2 white imps (D:5)
  4 ufetubi (D:6)
  2 ribbon worms (D:2)
  A dart slug (D:3)
  36 orcs
  10 ball pythons
  8 endoplasms
  5 giant cockroaches
  7 goblins
  7 hobgoblins
  6 jackals
  3 quokkas
  7 bats
  2 frilled lizards
  7 kobolds
  2 rats
  A spectral orc (D:8)
197 creatures vanquished.

Vanquished Creatures (collateral kills)
  A foxfire (D:8)
1 creature vanquished.

Vanquished Creatures (others)
  An orc (D:8)
  215 foxfires
216 creatures vanquished.

Grand Total: 414 creatures vanquished

Notes
Turn   | Place    | Note
-------+----------+-------------------------------------------
     0 | D:1      | yogurtking the Mountain Dwarf Fire Elementalist began the
                  | quest for the Orb.
     0 | D:1      | Reached XP level 1. HP: 14/14 MP: 3/3
   240 | D:1      | Reached skill level 1 in Conjurations
   488 | D:1      | Reached XP level 2. HP: 22/22 MP: 1/4
   930 | D:2      | Reached skill level 1 in Fighting
  1031 | D:2      | Reached XP level 3. HP: 22/28 MP: 1/6
  1083 | D:2      | Learned a level 2 spell: Scorch
  1743 | D:2      | Found an opulent altar of Gozag.
  1773 | D:2      | Became a worshipper of Gozag Ym Sagoz the Greedy
  2340 | D:2      | Reached XP level 4. HP: 14/36 MP: 1/7
  2526 | D:3      | Found a sparkling altar of Nemelex Xobeh.
  3388 | D:4      | Upgraded the game from 0.32-a0-485-g70f7560b1c to
                  | 0.32-a0-520-g344ed53f66
  3462 | D:4      | Found a staircase to the Ecumenical Temple.
  3476 | Temple   | Entered the Ecumenical Temple
  3600 | D:4      | Reached XP level 5. HP: 44/44 MP: 1/8
  3732 | D:4      | Reached skill level 5 in Fire Magic
  4418 | D:5      | Entered Level 5 of the Dungeon
  4712 | D:5      | Reached XP level 6. HP: 32/51 MP: 5/9
  4993 | D:5      | Found a bloodstained altar of Trog.
  5079 | D:5      | Upgraded the game from 0.32-a0-520-g344ed53f66 to
                  | 0.32-a0-560-g4c7f4391e0
  5458 | D:5      | Reached skill level 1 in Translocations
  5458 | D:5      | Reached XP level 7. HP: 54/60 MP: 0/10
  6425 | D:6      | Reached skill level 5 in Fighting
  6425 | D:6      | Reached skill level 1 in Polearms
  6624 | D:6      | Found Fakudesmos's Distillery.
  6632 | D:6      | Bought a potion of heal wounds for 55 gold pieces
  6632 | D:6      | Bought a potion of degeneration for 11 gold pieces
  6632 | D:6      | Bought a potion of curing for 33 gold pieces
  6683 | D:6      | Reached skill level 1 in Armour
  6854 | D:6      | Noticed Sigmund
  6859 | D:6      | Killed Sigmund
  6860 | D:6      | Reached skill level 1 in Shields
  6860 | D:6      | Reached XP level 8. HP: 68/68 MP: 4/11
  6920 | D:6      | Noticed Edmund
  6937 | D:6      | Killed Edmund
  7953 | D:7      | Reached skill level 1 in Axes
  8043 | D:7      | Reached XP level 9. HP: 61/74 MP: 5/12
  8920 | D:8      | Found Ebinn's Weapon Emporium.
  8940 | D:8      | Found a runed translucent gate.
  8941 | D:8      | Found a runed translucent gate.
  8942 | D:8      | Found a runed translucent gate.
  8942 | D:8      | Noticed a polar bear
  8942 | D:8      | Noticed a manticore
  9340 | D:8      | Reached skill level 5 in Armour
  9348 | D:8      | Learned a level 3 spell: Volatile Blastmotes
  9414 | D:8      | Reached skill level 5 in Shields
  9494 | D:7      | Upgraded the game from 0.32-a0-560-g4c7f4391e0 to
                  | 0.32-a0-571-gec57dfcd37
  9594 | D:8      | Found a staircase to the Lair.
  9823 | D:8      | Noticed a two-headed ogre
  9829 | D:8      | Killed a two-headed ogre
  9830 | D:8      | Reached skill level 10 in Fire Magic
  9830 | D:8      | Reached XP level 10. HP: 81/81 MP: 4/13
  9932 | D:8      | Found a hazy altar of Hepliaklqana.
 11341 | D:8      | Reached skill level 10 in Axes
 11416 | D:8      | Identified the +9 lajatang of Conversion {drain, ^Drain
                  | Str+2 Int+6 Dex+2}
 11447 | D:8      | Killed a manticore
 11448 | D:8      | Reached skill level 1 in Evocations
 11836 | D:9      | Noticed a two-headed ogre
 11861 | D:9      | Slain by a two-headed ogre

Illustrated notes

Levels and vault maps discovered:
D:1:      matt_arrival_los_fun, layout_basic, ebering_dispersal_statue_hall
D:2:      wad_pebble_path, layout_basic, basic_altar, chequers_avenue,
          minmay_unequal
D:3:      layout_basic, nemelex_xobeh_ov_fountains_minmay, minivault_19
D:4:      layout_gridville, minmay_temple_entry_arrows
D:5:      wad_crossroads, layout_loops_corners, trog_three_pillars_becter
D:6:      layout_gridville, serial_shops, shop, sigmund_edmund_badplayer
D:7:      layout_basic
D:8:      lemuel_bear_cage, layout_basic,
          nicolae_hepliaklqana_monster_ancestors, due_lair_maze_entry_diamond,
          serial_shops, kennysheep_mini
D:9:      layout_irregular_city, tgw_sif, david_orc_3, kennysheep_another_room
Temple:   nicolae_temple_slightly_damp_pantheon

Skill      XL: |  1  2  3  4  5  6  7  8  9 10 |
---------------+-------------------------------+-----
Conjurations   | 1 2 3 |  3.4
Spellcasting   | 2 3 |  3.0
Fighting       | 1 2 3 4 5 |  5.0
Fire Magic     | 4 5 6 7 8 10 | 10.0
Translocations | 1 2 3 4 |  4.0
Polearms       | 2 3 |  3.3
Armour         | 1 3 5 |  5.0
Shields        | 1 3 5 |  5.0
Axes           | 1 6 10 | 10.0
Evocations     | 2 |  2.9
Dodging        | |  1.4
Stealth        | |  1.4

Action                     |  1- 3 |  4- 6 |  7- 9 | 10-12 || total
---------------------------+-------+-------+-------+-------++-------
  Melee: Unarmed           |     2 |       |       |       ||     2
         Punch             |     1 |       |       |       ||     1
         Dagger            |    46 |    60 |       |       ||   106
         Mace              |     1 |       |       |       ||     1
         Short sword       |       |    30 |     8 |       ||    38
         Spear             |       |       |    38 |       ||    38
         Hand axe          |       |       |   109 |   138 ||   247
   Cast: Foxfire           |    44 |     9 |    63 |    10 ||   126
         Scorch            |     4 |    47 |    54 |    17 ||   122
         Volatile Blastmot |       |       |       |    18 ||    18
    Use: Potion            |       |     1 |     2 |       ||     3
         Scroll            |       |     4 |     1 |     2 ||     7
   Stab: Sleeping          |       |     3 |       |       ||     3
         Distracted        |       |       |       |     2 ||     2
 Armour: Robe              |     3 |       |       |       ||     3
         Leather armour    |    36 |    62 |       |       ||    98
         Chain mail        |       |    11 |   181 |   148 ||   340
  Dodge: Dodged            |    34 |    59 |    57 |    29 ||   179
  Block: Buckler           |       |       |    39 |    29 ||    68

Table legend: (Time is in decaauts)
 A = Elapsed time spent in this place.
 B = Non-inter-level travel time spent in this place.
 C = Inter-level travel time spent in this place.
 D = Time resting spent in this place.
 E = Time spent auto-exploring this place.
 F = Levels seen in this place.
 G = Mean time per level.
                   A        B        C        D        E       F      G
               +--------+--------+--------+--------+--------+-----+--------+
         Total |  11864 |  11373 |    491 |   2324 |   6988 |  10 | 1186.4 |
       Dungeon |  11862 |  11371 |    491 |   2324 |   6988 |   9 | 1318.0 |
        Temple |      1 |      1 |      0 |      0 |      0 |   1 |    1.0 |
               +--------+--------+--------+--------+--------+-----+--------+

Top non-repeatable levels by time:
     D:8: 2564 daAuts
     D:5: 1833 daAuts
     D:7: 1646 daAuts
     D:2: 1521 daAuts
     D:6: 1252 daAuts
     D:4: 1107 daAuts
     D:3: 922 daAuts
     D:1: 893 daAuts
     D:9: 121 daAuts
  Temple: 1 daAuts
